 Dungeon Crawl Stone Soup version 0.30.0-19-g36f170ea60 (webtiles) character file.

Game seed: 3488725722381918348

44 BlasphemerAmon the Magician (level 3, -1/25 HPs)
             Began as a Gnoll Hedge Wizard on June 1, 2023.
             Hit by a goblin thrown by Robin (3 damage)
             ... on level 2 of the Dungeon.
             The game lasted 00:01:53 (1738 turns).

BlasphemerAmon the Magician (Gnoll Hedge Wizard)    Turns: 1738, Time: 00:01:54

Health: -1/25      AC:  3    Str:  9    XL:     3   Next: 60%
Magic:  9/11       EV: 13    Int: 15    God:
Gold:   88         SH:  0    Dex: 11    Spells: 13/16 levels left

rFire   . . .        p - +0 rapier
rCold   . . .        (no shield)
rNeg    . . .        b - +0 robe
rPois   .            g - +0 helmet
rElec   .            (no cloak)
rCorr   .            (no gloves)
SInv    .            (no boots)
Will    .....        (no amulet)
Stlth   ++           (no ring)
HPRegen 0.24/turn    (no ring)
MPRegen 0.12/turn

%: no passive effects
@: no status effects
A: fangs 1, strong nose, distributed training
a: no special abilities


You were on level 2 of the Dungeon.
You visited 1 branch of the dungeon, and saw 2 of its levels.

You collected 88 gold pieces.

Inventory:

Hand Weapons
 a - a +0 dagger
 p - a +0 rapier (weapon)
   (You found it on level 2 of the Dungeon)
Armour
 b - a +0 robe (worn)
 c - a +0 hat
 g - a +0 helmet (worn)
   (You found it on level 1 of the Dungeon)
Magical Staves
 l - a staff of cold {rC+}
   (You found it on level 1 of the Dungeon)
Scrolls
 h - a scroll of noise {unknown}
 i - a scroll of poison {unknown}
 j - a scroll of teleportation {unknown}
 m - a scroll of fog
 n - a scroll of blinking {unknown}
 q - a scroll of identify {unknown}
Potions
 d - a potion of magic
 e - 2 potions of attraction {unknown}
 f - 2 potions of curing {unknown}
 k - a potion of lignification {unknown}
 o - a potion of invisibility {unknown}


   Skills:
 + Level 0.9 Fighting
 + Level 0.9 Short Blades
 + Level 0.9 Long Blades
 + Level 0.9 Axes
 + Level 0.9 Maces & Flails
 + Level 0.9 Polearms
 + Level 0.9 Staves
 + Level 0.9 Ranged Weapons
 + Level 0.9 Throwing
 + Level 0.9 Armour
 + Level 4.5 Dodging
 + Level 4.2 Stealth
 + Level 0.9 Shields
 + Level 0.9 Unarmed Combat
 + Level 7.1 Spellcasting
 + Level 2.1 Conjurations
 + Level 0.6 Hexes
 + Level 2.1 Summonings
 + Level 0.6 Necromancy
 + Level 2.1 Translocations
 + Level 0.6 Transmutations
 + Level 0.6 Fire Magic
 + Level 0.6 Ice Magic
 + Level 0.6 Air Magic
 + Level 0.6 Earth Magic
 + Level 0.6 Poison Magic
 + Level 1.0 Invocations
 + Level 0.9 Evocations


You had 13 spell levels left.
You knew the following spells:

 Your Spells              Type           Power      Damage    Failure   Level
a - Magic Dart            Conj           44%        1d5       5%          1
b - Call Imp              Summ           22%        N/A       9%          2

Your spell library contained the following spells:

 Spells                   Type           Power      Damage    Failure   Level
 Blink                    Tloc           22%        N/A       9%          2
 Slow                     Hex            28%        N/A       10%         1
 Cigotuvi's Dreadful Rot  Necr/Pois/Air  14%        N/A       16%         2
 Mephitic Cloud           Conj/Pois/Air  8%         N/A       24%         3


Dungeon Overview and Level Annotations

Branches:
Dungeon (2/15)

Altars:

Shops:
D:1 *

Annotations:
D:2 Robin


Innate Abilities, Weirdness & Mutations

You have very sharp teeth.
Your uncanny sense of smell can sniff out nearby items.
Your experience applies equally to all skills.


Message History

Robin roars a battlecry!
The goblins go into a battle-frenzy!
You now have 10/11 mp.
Casting: Magic Dart (safe; 5% risk of failure)
A tiny devil pulls itself out of the air.
Robin throws the goblin at you!
A goblin comes into view. It is wielding a +0 club.
You take 1 damage, and have 24/25 hp.
You now have 8/11 mp.
The goblin hits your cerulean imp with a +0 club.
Your cerulean imp closely misses the goblin.
Health restored: 25 The goblin hits your cerulean imp with a +0 club.
The goblin hits your cerulean imp but does no damage.
Your cerulean imp hits the goblin with a -3 spear.
The goblin misses your cerulean imp.
The hobgoblin closely misses your cerulean imp.
The goblin closely misses your cerulean imp.
A hobgoblin comes into view.
Your cerulean imp barely misses the goblin.
The goblin hits your cerulean imp with a +0 club.
The hobgoblin hits your cerulean imp but does no damage.
The goblin hits your cerulean imp with a +0 club!
Your cerulean imp dies!
Your cerulean imp disappears in a puff of smoke!
Robin throws the goblin at you! The goblin closely misses you.
The goblin barely misses you.
Casting: Call Imp (safe; 9% risk of failure)
A tiny devil pulls itself out of the air.
The goblin hits you with a +0 club.
You take 6 damage, and have 19/25 hp.
MASSIVE DAMAGE!!
You now have 7/11 mp.
The goblin misses you. The hobgoblin hits your cerulean imp!
Your cerulean imp hits the goblin with a -3 spear.
The goblin attacks as you move away! The goblin completely misses you.
The goblin hits your cerulean imp with a +0 club.
Your cerulean imp hits the goblin with a -3 spear.
The goblin dies!
Your cerulean imp hits the goblin but does no damage.
The hobgoblin no longer looks unusually strong.
The goblin no longer looks unusually strong.
You hit the goblin. Your bite misses the goblin. The goblin closely misses you.
The hobgoblin closely misses your cerulean imp.
Your cerulean imp hits the goblin but does no damage.
You barely miss the goblin. Your bite misses the goblin.
The goblin barely misses you. The hobgoblin closely misses you.
The hobgoblin misses your cerulean imp.
Your cerulean imp hits the goblin from afar with a -3 spear.
The goblin dies!
The hobgoblin completely misses your cerulean imp.
The goblin closely misses your cerulean imp.
The hobgoblin hits you.
You take 2 damage, and have 19/25 hp.
The goblin no longer looks unusually strong.
Your cerulean imp barely misses the hobgoblin.
The hobgoblin hits you.
The goblin barely misses your cerulean imp.
The hobgoblin closely misses your cerulean imp.
Things that are here:
a +0 club; a goblin corpse You take 2 damage, and have 17/25 hp.
Your cerulean imp barely misses the hobgoblin.
The hobgoblin completely misses you.
The goblin hits your cerulean imp with a +0 club.
The hobgoblin closely misses your cerulean imp.
Robin roars a battlecry!
The goblins go into a battle-frenzy!
You hear a shout!
Your cerulean imp hits the goblin but does no damage.
The hobgoblin barely misses you.
The goblin closely misses your cerulean imp.
The hobgoblin hits your cerulean imp.
Things that are here:
a +0 club; a goblin corpse You closely miss the hobgoblin.
Your bite misses the hobgoblin.
The hobgoblin no longer looks unusually strong.
Your cerulean imp hits the hobgoblin but does no damage.
The hobgoblin completely misses you.
The goblin barely misses your cerulean imp.
The hobgoblin barely misses your cerulean imp.
Your cerulean imp barely misses the hobgoblin.
You closely miss the hobgoblin.
Your cerulean imp disappears in a puff of smoke!
The goblin hits you with a +0 dagger. The hobgoblin hits you.
Robin roars a battlecry!
The hobgoblin goes into a battle-frenzy!
You take 7 damage, and have 11/25 hp.
MASSIVE DAMAGE!!
You hit the hobgoblin. Your punch misses the hobgoblin.
The goblin hits you with a +0 dagger.
* * * LOW HITPOINT WARNING * * *
The hobgoblin hits you.
* * * LOW HITPOINT WARNING * * *
Robin says, "Bow before me, strongest of all the hobgoblins!"
You take 10 damage, and have 1/25 hp.
MASSIVE DAMAGE!!
You barely miss the hobgoblin. The hobgoblin misses you.
The goblin hits you but does no damage. The hobgoblin closely misses you.
Robin hits you but does no damage. The goblin attacks as you move away!
The goblin barely misses you.
Robin says, "My army is invincible!"
Robin throws the goblin at you!
You die...

#.....##.#.####.####^..#
..
#.....##.#.............
#.....##.#........#....
#.....##.#.##...#.#.###
#.....##.#.##.#.#.#.#
#.....##.#.##.###.#.#
########.#........#.#
#.###g######.#
##.###.@ggg...########
#......g.gg.)#........
#............#..g.....
#............#g.......
#............#..g.....
#............#..g.)...
#............#........
#............#........
#............#........


You could see Robin, 3 hobgoblins and 3 goblins.

Vanquished Creatures
  A gnoll (D:1)
  2 bats (D:1)
  4 endoplasms (D:1 D:2)
  A giant cockroach (D:1)
  3 hobgoblins (D:1 D:2)
  4 jackals (D:1)
  2 kobolds (D:1)
  A quokka (D:1)
  2 ball pythons (D:1 D:2)
  3 goblins (D:1 D:2)
  2 rats (D:1)
25 creatures vanquished.

Vanquished Creatures (collateral kills)
  2 goblins (D:2)
  A hobgoblin (D:1)
3 creatures vanquished.

Grand Total: 28 creatures vanquished

Notes
Turn   | Place    | Note
-------+----------+-------------------------------------------
     0 | D:1      | BlasphemerAmon the Gnoll Hedge Wizard began the quest for
                  | the Orb.
     0 | D:1      | Reached XP level 1. HP: 13/13 MP: 8/8
    75 | D:1      | Reached skill level 2 in Conjurations
    75 | D:1      | Reached skill level 2 in Summonings
    75 | D:1      | Reached skill level 2 in Translocations
    75 | D:1      | Reached XP level 2. HP: 13/20 MP: 0/10
   192 | D:1      | Learned a level 2 spell: Call Imp
   800 | D:1      | Reached XP level 3. HP: 25/25 MP: 9/11
  1225 | D:1      | Found Fiull's Assorted Antiques.
  1312 | D:1      | Reached skill level 1 in Invocations
  1714 | D:2      | Noticed Robin
  1735 | D:2      | HP: 11/25 [hobgoblin[Robin] (4)]
  1736 | D:2      | HP: 1/25 [hobgoblin[Robin] (5)]
  1738 | D:2      | Hit by a goblin thrown by Robin

Illustrated notes

Levels and vault maps discovered:
D:1:      minmay_arrival_hallway, layout_basic, serial_shops, shop, st_stairs_9
D:2:      layout_basic, uniq_jessica, uniq_robin

Skill      XL: |  1  2  3 |
---------------+----------+-----
Conjurations   | 2 |  2.1
Summonings     | 2 |  2.1
Translocations | 2 |  2.1
Invocations    | 1 |  1.0
Fighting       | |  0.9
Short Blades   | |  0.9
Long Blades    | |  0.9
Axes           | |  0.9
Maces & Flails | |  0.9
Polearms       | |  0.9
Staves         | |  0.9
Ranged Weapons | |  0.9
Throwing       | |  0.9
Armour         | |  0.9
Dodging        | |  4.5
Stealth        | |  4.2
Shields        | |  0.9
Unarmed Combat | |  0.9
Spellcasting   | |  7.1
Hexes          | |  0.6
Necromancy     | |  0.6
Transmutations | |  0.6
Fire Magic     | |  0.6
Ice Magic      | |  0.6
Air Magic      | |  0.6
Earth Magic    | |  0.6
Poison Magic   | |  0.6
Evocations     | |  0.9

Action                     || total
---------------------------++-------
  Melee: Dagger            ||    32
         Bite              ||     3
         Punch             ||     1
         Rapier            ||     7
   Cast: Magic Dart        ||    57
         Call Imp          ||     5
    Use: Scroll            ||     1
 Armour: Robe              ||    12
  Dodge: Dodged            ||    42

Levels and vault maps discovered:
D:1:      minmay_arrival_hallway, layout_basic, serial_shops, shop, st_stairs_9
D:2:      layout_basic, uniq_jessica, uniq_robin

Table legend: (Time is in decaauts)
 A = Elapsed time spent in this place.
 B = Non-inter-level travel time spent in this place.
 C = Inter-level travel time spent in this place.
 D = Time resting spent in this place.
 E = Time spent auto-exploring this place.
 F = Levels seen in this place.
 G = Mean time per level.
                   A        B        C        D        E       F      G
               +--------+--------+--------+--------+--------+-----+--------+
         Total |   1737 |   1707 |     30 |    374 |   1078 |   2 |  868.5 |
       Dungeon |   1737 |   1707 |     30 |    374 |   1078 |   2 |  868.5 |
               +--------+--------+--------+--------+--------+-----+--------+

Top non-repeatable levels by time:
     D:1: 1544 daAuts
     D:2: 193 daAuts

Table legend:
 A = Kills in this place as a percentage of kills in the entire game.
 B = Kills by you in this place as a percentage of kills by you in the entire game.
 C = Kills by friends in this place as a percentage of kills by friends in the entire game.
 D = Other kills in this place as a percentage of other kills in the entire game.
 E = Experience gained in this place as a percentage of experience gained in the entire game.
 F = Experience gained in this place divided by the number of levels of this place that you have seen.
                   A       B       C       D       E      F
               +-------+-------+-------+-------+-------+----------------------
         Total | 100.0 | 100.0 | 100.0 |   N/A | 100.0 |  31.5
       Dungeon | 100.0 | 100.0 | 100.0 |   N/A | 100.0 |  31.5
               +-------+-------+-------+-------+-------+----------------------
